 Dungeon Crawl Stone Soup version 0.19.4 (console) character file.

123 Kloppie the Skirmisher (level 4, 0/44 HPs)
             Began as a Minotaur Fighter on Feb 4, 2017.
             Slain by Grinder (6 damage)
             ... while paralysed by Grinder
             ... on level 3 of the Dungeon.
             The game lasted 00:02:09 (1536 turns).

Kloppie the Skirmisher (Minotaur Fighter)           Turns: 1536, Time: 00:02:09

Health: 0/44       AC:  6    Str: 20    XL:     4   Next: 79%
Magic:  3/3        EV:  2    Int:  5    God:
Gold:   86         SH:  0    Dex: 11    Spells: 0 memorised, 3 levels left

rFire  . . .     SeeInvis .     a - +0 war axe
rCold  . . .     Gourm    .     b - +0 scale mail
rNeg   . . .     Faith    .     c - +0 shield
rPois  .         Spirit   .     (helmet restricted)
rElec  .         Reflect  .     (no cloak)
rCorr  .         Harm     .     (no gloves)
MR     .....                    (no boots)
Stlth  ..........               (no amulet)
                                (no ring)
                                (no ring)

@: paralysed
A: retaliatory headbutt, horns 2
a: no special abilities


You were on level 3 of the Dungeon.
You were not hungry.

You visited 1 branch of the dungeon, and saw 3 of its levels.

You collected 86 gold pieces.

Inventory:

Hand Weapons
 a - a +0 war axe (weapon)
Armour
 b - a +0 scale mail (worn)
 c - a +0 shield (worn)
Jewellery
 d - a +4 ring of evasion {unknown}
Scrolls
 g - a scroll of identify {unknown}
 i - 3 scrolls of remove curse {unknown}
 k - a scroll of amnesia {unknown}
 l - a scroll of recharging {unknown}
 m - a scroll of enchant weapon {unknown}
 o - a scroll of immolation {unknown}
Potions
 e - a potion of agility {unknown}
 h - 2 potions of curing {unknown}
 n - a potion of cancellation {unknown}
 p - a potion of invisibility {unknown}
Comestibles
 f - a bread ration
 j - 2 meat rations


   Skills:
 * Level 5.8 Fighting
 + Level 4.1 Axes
 - Level 3.6 Armour
 - Level 3.6 Shields


You had 3 spell levels left.
You didn't know any spells.

Dungeon Overview and Level Annotations

Branches:
Dungeon (3/15)

Altars:

Annotations:
D:3 Grinder


Innate Abilities, Weirdness & Mutations

You reflexively headbutt those who attack you in melee.
You have a pair of horns on your head.


Message History

Grinder blinks!
You are too injured to fight recklessly!
You are too injured to fight recklessly!
You are too injured to fight recklessly!
Grinder says, "Are you a fish?" Grinder gestures at you.
You suddenly lose the ability to move!
A bat comes into view.
Grinder hits you but does no damage. Grinder hits you.
* * * LOW HITPOINT WARNING * * *
You writhe in agony.
* * * LOW HITPOINT WARNING * * *
The bat barely misses you. Grinder gestures at you.
You resist with significant effort. The bat hits you but does no damage.
Grinder hits you!
* * * LOW HITPOINT WARNING * * *
You writhe in agony.
You die...

#.# ###.. ..#.# #.#
...... . # ..#.# #.#
...... ..##.#.#.#
#.#####......
....#.#.#
#.##.........
#....#..###
#.##..)......
#.#...#..###.##.....#
#.........##.##.....#
####.#<..@b...'.....+
#.#####5..##.....#
######### #..#
##..##.....#
........# ##.##
#..#..ยง..# ........#
#..# #.#......#
........# ##.##
#.##.....# ........#
#..# #.##.....#
........# ##.## #.#
......
........######..###.#


You could see Grinder and a bat.

Vanquished Creatures
  An orc wizard (D:3)
  2 adders
  An ooze (D:2)
  2 worms (D:2)
  A dart slug (D:2)
  5 orcs (D:3)
  2 giant cockroaches (D:2)
  6 goblins
  4 hobgoblins
  12 jackals
  A ball python (D:1)
  4 bats
  A frilled lizard (D:2)
  6 kobolds
  9 rats
57 creatures vanquished.

Vanquished Creatures (others)
  A ghoul (D:1)
  A minotaur (D:1)
  3 elves (D:1)
  A troll (D:1)
  A spriggan (D:1)
  A naga (D:1)
  A dwarf (D:1)
  2 ogres (D:1)
  A kobold (D:1)
  A bat (D:1)
  16 tentacles (D:1)
29 creatures vanquished.

Grand Total: 86 creatures vanquished

Notes
Turn   | Place    | Note
-------+----------+-------------------------------------------
     0 | D:1      | Kloppie the Minotaur Fighter began the quest for the Orb.
     0 | D:1      | Reached XP level 1. HP: 19/19 MP: 0/0
     0 | D:1      | Noticed a spriggan
     0 | D:1      | Noticed a ghoul
     0 | D:1      | Noticed an ogre
     0 | D:1      | Noticed a minotaur
     0 | D:1      | Noticed an elf
     0 | D:1      | Noticed a kraken
     0 | D:1      | Noticed an ogre
     0 | D:1      | Noticed an elf
     0 | D:1      | Noticed a troll
     0 | D:1      | Noticed an elf
     0 | D:1      | Noticed a dwarf
     0 | D:1      | Noticed a naga
     2 | D:1      | Killed an ogre
     6 | D:1      | Killed an ogre
     7 | D:1      | Killed a troll
     9 | D:1      | Killed a dwarf
     9 | D:1      | Killed a naga
     9 | D:1      | Killed a spriggan
    12 | D:1      | Killed a minotaur
    13 | D:1      | Killed an elf
    14 | D:1      | Killed an elf
    18 | D:1      | Killed an elf
    23 | D:1      | Killed a ghoul
    76 | D:1      | Reached skill level 4 in Fighting
    82 | D:1      | Reached XP level 2. HP: 18/27 MP: 1/1
   631 | D:2      | Reached XP level 3. HP: 35/35 MP: 2/2
   672 | D:2      | Reached skill level 5 in Fighting
   898 | D:2      | Reached XP level 4. HP: 30/42 MP: 3/3
  1506 | D:3      | Noticed Grinder
  1531 | D:3      | Paralysed by Grinder for 7 turns
  1536 | D:3      | Slain by Grinder

Skill      XL: |  1  2  3  4 |
---------------+-------------+-----
Fighting       | 4 5 |  5.8
Axes           | 3 4 |  4.1
Armour         | |  3.6
Shields        | |  3.6

Action                   |  1- 3 |  4- 6 || total
-------------------------+-------+-------++-------
Melee: War axe           |    88 |    22 ||   110
       Headbutt          |    11 |     1 ||    12
  Use: Potion            |       |     1 ||     1
  Eat: Chunk             |       |     2 ||     2
Armor: Scale mail        |    35 |    18 ||    53
Dodge: Dodged            |    34 |     7 ||    41
Block: Shield            |    40 |    21 ||    61
